TOP OF THE 1ST |
Eau Claire Esquires batting - Pitching for Jasper Cougars : RHP Dae-ho Kim
|
Pitching: RHP Dae-ho Kim
|
|
Batting: LHB John Frost
|
0-0: Ball 1-0: Ball 2-0: Called Strike 2-1: Foul Ball, location: 2F 2-2: Ball 3-2: Base on Balls
|
Batting: LHB Jesús Bueno
|
0-0: Ball 1-0: Called Strike 1-1: Called Strike 1-2: SINGLE (Groundball, 34D) John Frost to second Runner from 2nd tries for 3rd, SAFE, throw made to third
|
Batting: RHB Tony Vázquez
|
Pickoff Throw to First - Out! 0-0: Swinging Strike 0-1: Ball 1-1: Called Strike 1-2: Strikes out looking
|
Batting: RHB Félix Gonzáles
|
0-0: Called Strike 0-1: Foul Ball, location: 2F 0-2: Strikes out looking
|
Top of the 1st over - 0 run(s), 1 hit(s), 0 error(s), 1 left on base; Eau Claire 0 - Jasper 0 |
BOTTOM OF THE 1ST |
Jasper Cougars batting - Pitching for Eau Claire Esquires : RHP Gene McNeil
|
Pitching: RHP Gene McNeil
|
|
Batting: LHB Jon Scott
|
0-0: Fly out, F4 (Popup, 4D)
|
Batting: LHB António Camacho
|
0-0: Ball 1-0: Ground out 6-3 (Groundball, 6)
|
Batting: SHB Ron Edwards
|
0-0: Ball 1-0: Called Strike 1-1: Ball 2-1: Swinging Strike 2-2: Ground out 4-3 (Groundball, 34)
|
Bottom of the 1st over - 0 run(s), 0 hit(s), 0 error(s), 0 left on base; Eau Claire 0 - Jasper 0 |
TOP OF THE 2ND |
Eau Claire Esquires batting - Pitching for Jasper Cougars : RHP Dae-ho Kim
|
Batting: RHB Michael Thomas
|
0-0: Swinging Strike 0-1: Called Strike 0-2: Strikes out swinging
|
Batting: SHB Manuel Hegnauer
|
0-0: Called Strike 0-1: Ball 1-1: Ball 2-1: Swinging Strike 2-2: Reached on error, E6 (Groundball, 6M)
|
Batting: RHB Luis Pérez
|
0-0: Swinging Strike 0-1: Called Strike 0-2: Ball 1-2: Strikes out swinging
|
Batting: RHB Nelson Castro
|
0-0: Foul Ball, location: 2F 0-1: Ball 1-1: Ball 2-1: Foul Ball, location: 2F 2-2: Foul Ball, location: 2F 2-2: Ball Manuel Hegnauer steals 2nd base 3-2: Base on Balls
|
Batting: RHB Esteban Lara
|
0-0: Called Strike 0-1: Swinging Strike 0-2: Foul Ball, location: 2F 0-2: Ball 1-2: Foul Ball, location: 2F 1-2: Ball 2-2: Foul Ball, location: 2F 2-2: Strikes out looking
|
Top of the 2nd over - 0 run(s), 0 hit(s), 1 error(s), 2 left on base; Eau Claire 0 - Jasper 0 |
BOTTOM OF THE 2ND |
Jasper Cougars batting - Pitching for Eau Claire Esquires : RHP Gene McNeil
|
Batting: LHB John Stone
|
0-0: Ball 1-0: Ball 2-0: Ball 3-0: Called Strike 3-1: Base on Balls
|
Batting: RHB George Reeves
|
0-0: Ball 1-0: Ball 2-0: Called Strike 2-1: Foul Ball, location: 2F 2-2: Foul Ball, location: 2F 2-2: Strikes out swinging
|
Batting: RHB David Hernández
|
0-0: Called Strike Throwing error on steal attempt, E2 John Stone to third 0-1: Ground out 4-3 (Groundball, 4) John Stone scores
|
Batting: RHB Joe Smith
|
0-0: Ball 1-0: Foul Ball, location: 2F 1-1: Ball 2-1: Ball 3-1: Ground out 4-3 (Groundball, 4)
|
Bottom of the 2nd over - 1 run(s), 0 hit(s), 1 error(s), 0 left on base; Eau Claire 0 - Jasper 1 |
TOP OF THE 3RD |
Eau Claire Esquires batting - Pitching for Jasper Cougars : RHP Dae-ho Kim
|
Batting: LHB John Frost
|
0-0: Ball 1-0: SINGLE (Popup, 6D)
|
Batting: LHB Jesús Bueno
|
0-0: Ball John Frost is caught stealing 2nd base 1-0: Swinging Strike 1-1: Swinging Strike 1-2: Ball 2-2: Strikes out swinging
|
Batting: RHB Tony Vázquez
|
0-0: Ball 1-0: Swinging Strike 1-1: Called Strike 1-2: Strikes out swinging
|
Top of the 3rd over - 0 run(s), 1 hit(s), 0 error(s), 0 left on base; Eau Claire 0 - Jasper 1 |
BOTTOM OF THE 3RD |
Jasper Cougars batting - Pitching for Eau Claire Esquires : RHP Gene McNeil
|
Batting: RHB Fernando Gálvez
|
0-0: Ball 1-0: Called Strike 1-1: Ball 2-1: Ball 3-1: Ground out 4-3 (Groundball, 4)
|
Batting: RHB Joe Baker
|
0-0: Fly out, F8 (Flyball, 8LD)
|
Batting: LHB Jon Scott
|
0-0: Called Strike 0-1: DOUBLE (Line Drive, 7LS)
|
Batting: LHB António Camacho
|
0-0: Called Strike 0-1: Called Strike 0-2: Ball 1-2: Ball 2-2: Foul Ball, location: 2F 2-2: Ground out 4-3 (Groundball, 4M)
|
Bottom of the 3rd over - 0 run(s), 1 hit(s), 0 error(s), 1 left on base; Eau Claire 0 - Jasper 1 |
TOP OF THE 4TH |
Eau Claire Esquires batting - Pitching for Jasper Cougars : RHP Dae-ho Kim
|
Batting: RHB Félix Gonzáles
|
0-0: Called Strike 0-1: Foul Ball, location: 2F 0-2: Ground out 5-3 (Groundball, 5S)
|
Batting: RHB Michael Thomas
|
0-0: Foul Ball, location: 2F 0-1: Swinging Strike 0-2: Ball 1-2: Strikes out swinging
|
Batting: SHB Manuel Hegnauer
|
0-0: SINGLE (Line Drive, 34D)
|
Batting: RHB Luis Pérez
|
0-0: Ball Manuel Hegnauer steals 2nd base 1-0: Ball 2-0: SINGLE (Groundball, 6M) Manuel Hegnauer to third Runner from 3rd tries for Home, SAFE, no throw or cutoff
|
Batting: RHB Nelson Castro
|
0-0: Ball 1-0: Called Strike 1-1: Foul Ball, location: 2F 1-2: Ball 2-2: Ball Luis Pérez steals 2nd base 3-2: Foul Ball, location: 2F 3-2: Foul Ball, location: 2F 3-2: Fly out, F9 (Flyball, 9M)
|
Top of the 4th over - 1 run(s), 2 hit(s), 0 error(s), 1 left on base; Eau Claire 1 - Jasper 1 |
BOTTOM OF THE 4TH |
Jasper Cougars batting - Pitching for Eau Claire Esquires : RHP Gene McNeil
|
Batting: SHB Ron Edwards
|
0-0: Called Strike 0-1: SINGLE (Line Drive, 78S)
|
Batting: LHB John Stone
|
0-0: Ball 1-0: Ball 2-0: Called Strike 2-1: Fielders Choice at 2nd, 4-6 (Groundball, 4)
|
Batting: RHB George Reeves
|
0-0: Swinging Strike 0-1: Foul Ball, location: 2F 0-2: Foul Ball, location: 2F 0-2: Fielders Choice at 2nd, 5-4 (Groundball, 56)
|
Batting: RHB David Hernández
|
0-0: Ball 1-0: Foul Ball, location: 2F 1-1: Ball 2-1: Ball 3-1: Base on Balls George Reeves to second
|
Batting: RHB Joe Smith
|
0-0: Foul Ball, location: 2F 0-1: Foul Ball, location: 2F 0-2: Ball 1-2: Strikes out looking
|
Bottom of the 4th over - 0 run(s), 1 hit(s), 0 error(s), 2 left on base; Eau Claire 1 - Jasper 1 |
TOP OF THE 5TH |
Eau Claire Esquires batting - Pitching for Jasper Cougars : RHP Dae-ho Kim
|
Batting: RHB Esteban Lara
|
0-0: Called Strike 0-1: Ball 1-1: SINGLE (Groundball, 4MD)
|
Batting: LHB John Frost
|
Pickoff Throw to First - Error! E1 Esteban Lara to second 0-0: Ball 1-0: Ball 2-0: Swinging Strike 2-1: Ball 3-1: Foul Ball, location: 2F 3-2: SINGLE (Line Drive, 4D) Esteban Lara to third Runner from 3rd tries for Home, SAFE, no throw or cutoff
|
Batting: LHB Jesús Bueno
|
0-0: Called Strike 0-1: Ball 1-1: Called Strike 1-2: Strikes out swinging
|
Pitching: RHP António Peńa
|
|
Batting: RHB Tony Vázquez
|
0-0: Ball 1-0: SINGLE (Groundball, 5D) John Frost to second
|
Batting: RHB Félix Gonzáles
|
0-0: Swinging Strike 0-1: Called Strike John Frost steals 3rd base Tony Vázquez to second 0-2: Ball 1-2: Foul Ball, location: 2F 1-2: SINGLE (Groundball, 4MD) John Frost scores Tony Vázquez to third
|
Batting: RHB Michael Thomas
|
0-0: Called Strike 0-1: Called Strike 0-2: Ball 1-2: Foul Ball, location: 2F 1-2: Ball 2-2: Ball 3-2: Base on Balls Félix Gonzáles to second
|
Batting: SHB Manuel Hegnauer
|
0-0: Ball 1-0: Ball 2-0: Called Strike 2-1: Foul Ball, location: 2F 2-2: Strikes out swinging
|
Batting: RHB Luis Pérez
|
0-0: Ball 1-0: Foul Ball, location: 2F 1-1: Called Strike 1-2: Foul Ball, location: 2F 1-2: SINGLE (Groundball, 5L) Tony Vázquez scores Félix Gonzáles to third Michael Thomas to second Runner from 3rd tries for Home, SAFE, no throw or cutoff
|
Batting: RHB Nelson Castro
|
0-0: Ball 1-0: Swinging Strike 1-1: Called Strike 1-2: Foul Ball, location: 2F 1-2: Ball 2-2: Fly out, F9 (Flyball, 89M)
|
Top of the 5th over - 4 run(s), 5 hit(s), 1 error(s), 2 left on base; Eau Claire 5 - Jasper 1 |
BOTTOM OF THE 5TH |
Jasper Cougars batting - Pitching for Eau Claire Esquires : RHP Gene McNeil
|
Batting: RHB Fernando Gálvez
|
0-0: Foul Ball, location: 2F 0-1: Foul Ball, location: 2F 0-2: Strikes out swinging
|
Batting: RHB Joe Baker
|
0-0: Ground out 6-3 (Groundball, 6)
|
Batting: LHB Jon Scott
|
0-0: Ball 1-0: Foul Ball, location: 2F 1-1: Called Strike 1-2: Strikes out looking
|
Bottom of the 5th over - 0 run(s), 0 hit(s), 0 error(s), 0 left on base; Eau Claire 5 - Jasper 1 |
TOP OF THE 6TH |
Eau Claire Esquires batting - Pitching for Jasper Cougars : RHP António Peńa
|
Batting: RHB Esteban Lara
|
0-0: Ball 1-0: Foul Ball, location: 2F 1-1: Called Strike 1-2: Ball 2-2: DOUBLE (Flyball, 89XD)
|
Batting: LHB John Frost
|
0-0: Called Strike 0-1: Ball 1-1: Foul Ball, location: 2F 1-2: Ball 2-2: Strikes out swinging
|
Batting: LHB Jesús Bueno
|
0-0: Ground out 4-3 (Groundball, 4) Esteban Lara to third
|
Batting: RHB Tony Vázquez
|
0-0: Called Strike 0-1: Foul Ball, location: 2F 0-2: Strikes out looking
|
Top of the 6th over - 0 run(s), 1 hit(s), 0 error(s), 1 left on base; Eau Claire 5 - Jasper 1 |
BOTTOM OF THE 6TH |
Jasper Cougars batting - Pitching for Eau Claire Esquires : RHP Gene McNeil
|
Batting: LHB António Camacho
|
0-0: Called Strike 0-1: Foul Ball, location: 2F 0-2: Ball 1-2: Strikes out looking
|
Batting: SHB Ron Edwards
|
0-0: Ball 1-0: Called Strike 1-1: SINGLE (Flyball, 7S)
|
Batting: LHB John Stone
|
0-0: Called Strike 0-1: Ball 1-1: Swinging Strike 1-2: Foul Ball, location: 2F 1-2: Ball 2-2: Strikes out swinging
|
Batting: RHB George Reeves
|
0-0: Called Strike 0-1: Ground out 1-3 (Groundball, 13)
|
Bottom of the 6th over - 0 run(s), 1 hit(s), 0 error(s), 1 left on base; Eau Claire 5 - Jasper 1 |
TOP OF THE 7TH |
Eau Claire Esquires batting - Pitching for Jasper Cougars : RHP António Peńa
|
Batting: RHB Félix Gonzáles
|
0-0: Called Strike 0-1: Foul Ball, location: 2F 0-2: Strikes out looking
|
Pitching: LHP Jon Vaughn
|
|
Batting: RHB Michael Thomas
|
0-0: Ball 1-0: Called Strike 1-1: Ball 2-1: Ball 3-1: SOLO HOME RUN (Line Drive, 89XD), Distance : 380 ft
|
Batting: SHB Manuel Hegnauer
|
0-0: Ball 1-0: Ball 2-0: Ball 3-0: Base on Balls
|
Batting: RHB Luis Pérez
|
0-0: Ball 1-0: Ball 2-0: Fly out, F4 (Popup, 9LS)
|
Batting: RHB Nelson Castro
|
0-0: Ball 1-0: Swinging Strike 1-1: Ball 2-1: Called Strike 2-2: Strikes out looking
|
Top of the 7th over - 1 run(s), 1 hit(s), 0 error(s), 1 left on base; Eau Claire 6 - Jasper 1 |
BOTTOM OF THE 7TH |
Jasper Cougars batting - Pitching for Eau Claire Esquires : RHP Gene McNeil
|
Batting: RHB David Hernández
|
0-0: Called Strike 0-1: Ball 1-1: Ball 2-1: DOUBLE (Flyball, 78XD)
|
Pitching: RHP Neil Birss
|
|
Batting: RHB Joe Smith
|
0-0: Foul Ball, location: 2F 0-1: Ball 1-1: Foul Ball, location: 2F 1-2: Fly out, F8 (Flyball, 78M)
|
Batting: RHB Fernando Gálvez
|
0-0: Ball 1-0: Foul Ball, location: 2F 1-1: Ball 2-1: Foul Ball, location: 2F 2-2: SINGLE (Groundball, 15) (infield hit) David Hernández to third
|
Batting: RHB Joe Baker
|
0-0: Called Strike 0-1: Foul Ball, location: 2F 0-2: Strikes out swinging
|
Batting: LHB Jon Scott
|
0-0: Called Strike 0-1: Foul Ball, location: 2F 0-2: Ball 1-2: Ball 2-2: Foul Ball, location: 2F 2-2: Foul Ball, location: 2F 2-2: Strikes out swinging
|
Bottom of the 7th over - 0 run(s), 2 hit(s), 0 error(s), 2 left on base; Eau Claire 6 - Jasper 1 |
TOP OF THE 8TH |
Eau Claire Esquires batting - Pitching for Jasper Cougars : LHP Jon Vaughn
|
Batting: RHB Esteban Lara
|
0-0: Foul Ball, location: 2F 0-1: Ball 1-1: Ball 2-1: Called Strike 2-2: Fly out, F7 (Popup, 6D)
|
Batting: LHB John Frost
|
0-0: Called Strike 0-1: Ball 1-1: Ball 2-1: SINGLE (Line Drive, 8LS)
|
Batting: LHB Jesús Bueno
|
0-0: Called Strike 0-1: Ground out 1-3 (Groundball, 3S) John Frost to second
|
Batting: RHB Tony Vázquez
|
0-0: Called Strike 0-1: Ball 1-1: Swinging Strike 1-2: Fly out, F2 (Popup, 2LF)
|
Top of the 8th over - 0 run(s), 1 hit(s), 0 error(s), 1 left on base; Eau Claire 6 - Jasper 1 |
BOTTOM OF THE 8TH |
Jasper Cougars batting - Pitching for Eau Claire Esquires : RHP Neil Birss
|
Batting: LHB António Camacho
|
0-0: Called Strike 0-1: Swinging Strike 0-2: Strikes out swinging
|
Batting: SHB Ron Edwards
|
0-0: Called Strike 0-1: Called Strike 0-2: Foul Ball, location: 2F 0-2: Strikes out looking
|
Batting: LHB John Stone
|
0-0: Ball 1-0: Foul Ball, location: 2F 1-1: Foul Ball, location: 2F 1-2: Strikes out swinging
|
Bottom of the 8th over - 0 run(s), 0 hit(s), 0 error(s), 0 left on base; Eau Claire 6 - Jasper 1 |
TOP OF THE 9TH |
Eau Claire Esquires batting - Pitching for Jasper Cougars : LHP Jon Vaughn
|
Batting: RHB Félix Gonzáles
|
0-0: Ball 1-0: Called Strike 1-1: Ball 2-1: Foul Ball, location: 2F 2-2: Ball 3-2: Strikes out looking
|
Batting: RHB Michael Thomas
|
0-0: SOLO HOME RUN (Flyball, 8RXD), Distance : 421 ft
|
Batting: SHB Manuel Hegnauer
|
0-0: Fly out, F3 (Popup, 23)
|
Batting: RHB Luis Pérez
|
0-0: Called Strike 0-1: Hit by Pitch
|
Batting: RHB Nelson Castro
|
0-0: Ball 1-0: Ball Luis Pérez steals 2nd base 2-0: Called Strike 2-1: Ball 3-1: Called Strike 3-2: Ground out 4-3 (Groundball, 4)
|
Top of the 9th over - 1 run(s), 1 hit(s), 0 error(s), 1 left on base; Eau Claire 7 - Jasper 1 |
BOTTOM OF THE 9TH |
Jasper Cougars batting - Pitching for Eau Claire Esquires : RHP Neil Birss
|
Now at 3B: Jeff Chambers
|
|
Now in RF: Pancho Torres
|
|
Batting: RHB George Reeves
|
0-0: Ball 1-0: Fly out, F9 (Line Drive, 89M)
|
Batting: RHB David Hernández
|
0-0: Ball 1-0: Ball 2-0: Fly out, F6 (Line Drive, 6)
|
Batting: RHB Joe Smith
|
0-0: SINGLE (Flyball, 8LS)
|
Batting: RHB Fernando Gálvez
|
0-0: Foul Ball, location: 2F 0-1: SINGLE (Groundball, 4MD) Joe Smith to second
|
Batting: RHB Joe Baker
|
0-0: Ball 1-0: Ball 2-0: Called Strike 2-1: Swinging Strike 2-2: Ball 3-2: Strikes out swinging
|
Bottom of the 9th over - 0 run(s), 2 hit(s), 0 error(s), 2 left on base; Eau Claire 7 - Jasper 1 |
|